 Dungeon Crawl Stone Soup version 0.14.2 (webtiles) character file.

9 glosham the Grasshopper (level 1, -10/17 HPs)
             Began as a Formicid Warper on Apr 11, 2017.
             Killed by divine providence
             ... invoked by an orc priest
              (14 damage)
             ... on Level 3 of the Dungeon.
             The game lasted 00:01:59 (76 turns).

glosham the Grasshopper (Formicid Warper)             Turns: 76, Time: 00:01:59

HP -10/17        AC  3     Str 15      XL: 1   Next: 33%
MP   3/3         EV 11     Int 12      God:
Gold 7           SH  0     Dex 10      Spells:  1 memorised,  3 levels left

rFire  . . .     SeeInvis +     a - +0 mace
rCold  . . .     Clarity  .     b - +0 leather armour
rNeg   . . .     Conserve .     (no shield)
rPois  .         rCorr    .     (helmet unavailable)
rElec  .         rRot     .     (no cloak)
SustAb . .       Spirit   .     (no gloves)
rMut   .         Warding  .     (no boots)
Saprov . . .     Stasis   +     (no amulet)
MR     .....                    (no ring)
                                (no ring)

@: not resistant to hostile enchantments, very unstealthy
A: permanent stasis, dig shafts and tunnels, four strong arms, antennae 3
a: Dig, Shaft Self


You were on level 3 of the Dungeon.
You were not hungry.

You visited 1 branch of the dungeon, and saw 3 of its levels.

You collected 7 gold pieces.

Inventory:

Hand weapons
 a - a +0,+0 mace (weapon)
Missiles
 e - 15 darts (quivered)
 f - 10 darts of dispersal
Armour
 b - a +0 leather armour (worn)
 i - a +0 pair of boots
Comestibles
 g - 2 bread rations
Books
 c - a book of Spatial Translocations

   Spells                             Type                      Level
   *Apportation                       Translocation                1
   Blink                              Translocation                2
   Shroud of Golubria                 Charms/Translocation         2
   Portal Projectile                  Translocation                3
   Teleport Other                     Translocation                3
   Passage of Golubria                Translocation                4


   Skills:
 * Level 2.4 Fighting
 - Level 2.0 Maces & Flails
 - Level 0.7 Throwing
 - Level 1.1 Armour
 - Level 1.7 Dodging
 - Level 2.1 Spellcasting
 - Level 2.6 Translocations


You had 3 spell levels left.
You knew the following spells:

 Your Spells              Type           Power        Failure   Level  Hunger
a - Apportation           Tloc           #.........   12%         1    ##.....


Dungeon Overview and Level Annotations

Branches:
Dungeon (3/15)

Altars:


Innate Abilities, Weirdness & Mutations

Your are under a permanent stasis effect.
You can dig through walls and to a lower floor.
Your four strong arms can wield two-handed weapons with a shield.
You have a pair of large antennae on your head (SInv).


Message History

k - a viscous cyan potion The giant gecko barely misses you.
Use which ability? (? or * to list) Are you sure you want to shaft yourself?
You feel quite a bit more hungry. The giant gecko bites you.
* * * LOW HITPOINT WARNING * * *
The giant gecko bites you but does no damage.
A shaft appears beneath you!
You fall through a shaft!
The shaft crumbles and collapses. 4 orcs and an orc priest come into view.
The orc shouts!
The orc priest shouts!
The orc shouts!
The orc shouts!
Found a leather armour.
Read which item? (? for menu, Esc to quit)
As you read the scroll labeled PRUYWUGGUE, it crumbles to dust.
You feel blessed for a moment.
It was a scroll of remove curse.
Read which item? (? for menu, Esc to quit)
As you read the scroll labeled FIHUTW MAIWK, it crumbles to dust.
You hear a loud clanging noise!
It was a scroll of noise.
The orc priest looks braver.
Read which item? (? for menu, Esc to quit)
As you read the scroll labeled IBOPHA SIPLIR, it crumbles to dust.
You feel a strange sense of stasis.
It was a scroll of teleportation.
The orc priest closely misses you.
Drink which item? (? for menu, Esc to quit)
You feel better.
It was a potion of curing.
The orc barely misses you.
The orc priest hits you with a hand axe!
* * * LOW HITPOINT WARNING * * *
Found a mace.
The orc barely misses you.
You see here a leather armour.
Use which ability? (? or * to list) Are you sure you want to shaft yourself?
You feel quite a bit more hungry.
The orc priest mumbles some strange prayers to Beogh against you.
Something smites you!
Ouch! That really hurt!
You die...

###
........#
.........#
#......)..#
#.........#
#.........#
#.........#
#.........#
+...oo@...#
#...oo....#
#...o.....#
#.........#
###########


You could see an orc priest and 4 orcs.

Vanquished Creatures
  A kobold (D:2)
  A rat (D:2)
2 creatures vanquished.

Notes
Turn   | Place    | Note
--------------------------------------------------------------
     0 | D:1      | glosham, the Formicid Warper, began the quest for the Orb.
     0 | D:1      | Reached XP level 1. HP: 16/16 MP: 3/3
     5 | D:1      | You fall through a shaft!
    68 | D:2      | You fall through a shaft!
    68 | D:3      | Noticed an orc priest
    76 | D:3      | Killed from afar by an orc priest

Action                   || total
-------------------------++-------
Melee: Mace              ||     6
 Abil: Shaft Self        ||     3
  Use: Scroll            ||     3
       Potion            ||     1

Table legend:
 A = Turns spent in this place as a percentage of turns spent in the entire game.
 B = Non-inter-level travel turns spent in this place as a percentage of non-inter-level travel turns spent in the entire game.
 C = Inter-level travel turns spent in this place as a percentage of turns spent in this place.
 D = Turns resting spent in this place as a percentage of non-inter-level travel turns spent in this place.
 E = Turns spent auto-exploring this place as a percentage of non-inter-level travel turns spent in this place.
 F = Non-inter-level travel turns spent in this place divided by the number of levels of this place that you've seen.
                   A       B       C       D       E      F
               +-------+-------+-------+-------+-------+----------------------
         Total | 100.0 | 100.0 |   0.0 |   0.0 |   0.0 |  24.3
       Dungeon | 100.0 | 100.0 |   0.0 |   0.0 |   0.0 |  24.3
               +-------+-------+-------+-------+-------+----------------------

Table legend:
 A = Kills in this place as a percentage of kills in entire the game.
 B = Kills by you in this place as a percentage of kills by you in the entire game.
 C = Kills by friends in this place as a percentage of kills by friends in the entire game.
 D = Other kills in this place as a percentage of other kills in the entire game.
 E = Experience gained in this place as a percentage of experience gained in the entire game.
 F = Experience gained in this place divided by the number of levels of this place that you have seen.
                   A       B       C       D       E      F
               +-------+-------+-------+-------+-------+----------------------
         Total | 100.0 | 100.0 |  -nan |  -nan | 100.0 |   1.0
       Dungeon | 100.0 | 100.0 |  -nan |  -nan | 100.0 |   1.0
               +-------+-------+-------+-------+-------+----------------------

Vault maps used:
D:1:      minmay_arrival_solitary_statue
D:2:      first_bread
D:3:      lemuel_crystal_altar, uniq_sigmund
